 Dungeon Crawl Stone Soup version 0.16-a0-3476-g5f3739d (webtiles) character file.

211 LogicNinja the Sneak (level 5, -5/26 HPs)
             Began as a Vine Stalker Assassin on Jan 3, 2015.
             Was an Initiate of Pakellas.
             Killed from afar by an orc wizard (9 damage)
             ... with a puff of flame
             ... on level 4 of the Dungeon.
             The game lasted 00:02:52 (2685 turns).

LogicNinja the Sneak (Vine Stalker Assassin)        Turns: 2685, Time: 00:02:52

Health: -5/26      AC:  4    Str: 13    XL:     5   Next: 88%
Magic:  0/7        EV: 11    Int: 11    God:    Pakellas [......]
Gold:   215        SH:  0    Dex: 17    Spells: 0 memorised, 4 levels left

rFire  . . .     SeeInvis .     a - +2 dagger
rCold  . . .     Clarity  .     c - +0 robe
rNeg   . . .     SustAb   .     (no shield)
rPois  .         Gourm    .     (no helmet)
rElec  .         Spirit   +     y - +0 cloak
rCorr  .         Warding  .     i - +0 pair of gloves
rMut   .         Stasis   .     (no boots)
MR     .....                    (no amulet)
Stlth  ++........               (no ring)
                                o - ring of stealth

@: confused, not resistant to hostile enchantments, unstealthy
A: fangs 2, regeneration 1, magic shield, antimagic bite, no device heal 3, rot
immunity
a: Renounce Religion


You were on level 4 of the Dungeon.
You worshipped Pakellas.
Pakellas was noncommittal.
You were hungry.

You visited 1 branch of the dungeon, and saw 4 of its levels.

You collected 215 gold pieces.

Inventory:

Hand weapons
 a - a +2 dagger (weapon)
 b - a +0 blowgun
Missiles
 d - a throwing net (quivered)
 e - 8 poisoned needles
 f - 2 curare-tipped needles
 B - 7 needles of confusion
Armour
 c - a +0 robe (worn)
 h - a +0 pair of boots
 i - a +0 pair of gloves (worn)
 y - a +0 cloak (worn)
Jewellery
 o - a ring of stealth (left hand)
Scrolls
 j - a scroll of identify {unknown}
 k - a scroll of magic mapping {unknown}
 m - a scroll of noise {unknown}
 p - a scroll of blinking {unknown}
 r - a scroll of random uselessness {unknown}
 s - 4 scrolls of teleportation {unknown}
 t - a scroll of remove curse {unknown}
 w - 2 scrolls of amnesia {unknown}
 A - a scroll of recharging {unknown}
Potions
 l - 2 potions of heal wounds
 q - a potion of poison {unknown}
 u - a potion of cancellation {unknown}
 v - 3 potions of curing {unknown}
 z - a potion of haste {unknown}
Comestibles
 g - 2 bread rations
 n - 2 meat rations
 x - a slice of pizza


   Skills:
 - Level 1.7 Fighting
 * Level 5.1 Short Blades
 - Level 1.7 Throwing
 - Level 0.7 Dodging
 + Level 5.4 Stealth


You had 4 spell levels left.
You didn't know any spells.

Dungeon Overview and Level Annotations

Branches:
Dungeon (4/15)
 Temple: D:4-7

Altars:
Dithmenos
Fedhas
Gozag
Nemelex Xobeh
Okawaru
Pakellas
Yredelemnul
Zin


Innate Abilities, Weirdness & Mutations

You have extremely sharp teeth.
Your natural rate of healing is unusually fast.
When hurt, damage is shared between your health and your magic reserves.
Your bite disrupts and absorbs the magic of your enemies.
Potions and wands cannot restore your health.
You are immune to rotting.


Message History

Something hits you but does no damage.
You completely miss the orc.
The orc is moderately wounded.
The orc closely misses you.
You're too confused to move!
Something hits you but does no damage. The orc misses you.
Unknown command.
Drink which item? (? for menu, Esc to quit)
It was a potion of heal wounds.
That seemed strangely inert.
Something hits you but does no damage. The orc hits you but does no damage.
Something hits you.
* * * LOW HITPOINT WARNING * * *
You feel less confused. Something hits you.
* * * LOW HITPOINT WARNING * * *
You hear some strange, mumbled words.
You are confused.
The puff of flame hits you!
You die...

#.........#...........#####......
#.......................###......
#####............................
#.##.#............#.###.. ...
#####.##.#.###.......#....... ..
#......#.#.# #.......#....... ##
#......#.#.# #.......#.......###.
#......#.#.###.......#...........
#....>......o{..@................
#........#.######....#...........
###......#... #............<#..
#......###### #.......######..
#............# ............#..
#..)...###..# #........#.....
#......# # #........#.....
#........ ##.......#....#
#.......... #.......##.#..


You could see an orc.

Vanquished Creatures
  The ghost of LogicNinja the Sneak, a weakling VSAs (D:3)
  Crazy Yiuf (D:3)
  An orc wizard (D:4)
  A worker ant (D:4)
  3 adders
  A giant mite (D:3)
  2 oozes
  2 orcs
  A bat skeleton (D:4)
  3 giant cockroaches
  3 goblins
  10 hobgoblins
  8 jackals (D:3)
  6 kobolds
  6 bats
  4 giant newts
  A quokka skeleton (D:4)
  7 rats
  2 fungi (D:2)
63 creatures vanquished.

Notes
Turn   | Place    | Note
--------------------------------------------------------------
     0 | D:1      | LogicNinja, the Vine Stalker Assassin, began the quest for the Orb.
     0 | D:1      | Reached XP level 1. HP: 11/11 MP: 1/1
   128 | D:1      | Reached XP level 2. HP: 15/15 MP: 3/3
   567 | D:2      | Found a blossoming altar of Fedhas.
   911 | D:2      | Found a sparkling altar of Nemelex Xobeh.
   919 | D:2      | Reached XP level 3. HP: 18/18 MP: 4/4
   946 | D:2      | Found a glowing silver altar of Zin.
  1353 | D:3      | Noticed LogicNinja's ghost (weakling VSAs)
  1558 | D:3      | Reached XP level 4. HP: 17/23 MP: 5/5
  1832 | D:3      | Noticed Crazy Yiuf
  1846 | D:3      | Killed Crazy Yiuf
  2023 | D:3      | Reached XP level 5. HP: 24/26 MP: 7/7
  2036 | D:3      | Killed LogicNinja's ghost
  2036 | D:3      | Reached skill level 5 in Stealth
  2379 | D:4      | Found a shadowy altar of Dithmenos.
  2383 | D:4      | Found an iron altar of Okawaru.
  2383 | D:4      | Found an opulent altar of Gozag.
  2395 | D:4      | Found a basalt altar of Yredelemnul.
  2408 | D:4      | Found an oddly glowing altar of Pakellas.
  2570 | D:4      | Became a worshipper of Pakellas the Inventive
  2663 | D:4      | Reached skill level 5 in Short Blades
  2685 | D:4      | Killed from afar by an orc wizard

Action                   |  1- 3 |  4- 6 || total
-------------------------+-------+-------++-------
Melee: Dagger            |   124 |    82 ||   206
  Use: Potion            |       |     2 ||     2
 Stab: Sleeping          |    10 |     3 ||    13
  Eat: Chunk             |     2 |     3 ||     5
